Map: Oxide LE

Players

Has

  • Race: Protoss Protoss

Nice - Winner!

  • Race: Protoss Protoss
  • League: Master

Event: DreamHack SC2 Masters 2021 Summer

VOD

Have the link to the VOD?

Description

Time

  • Played on: May 23, 2021, 9:04 a.m.
  • Length: 6:32

All games in this series

Show
View Real Time Build Order
Export as new Build Order

Has Protoss 

Build Orders: Phoenix Opening 

Get SALT Encoding   

  12  0:00  Probe  
  13  0:12  Probe  
  14  0:19  Pylon  
  14  0:24  Probe (Chrono Boost)  
  15  0:37  Probe (Chrono Boost)  
  15  0:38  Gateway  
  16  0:43  Probe  
  16  0:47  Assimilator  
  17  0:55  Probe (Chrono Boost)  
  18  0:57  Assimilator  
  18  1:07  Probe (Chrono Boost)  
  19  1:14  Probe (Chrono Boost)  
  20  1:22  Probe  
  21  1:28  Cybernetics Core  
  21  1:30  Pylon  
  21  1:48  Nexus  
  21  1:51  Probe  
  22  2:04  Adept (Chrono Boost)  
  24  2:09  Shield Battery  
  24  2:19  Stargate  
  24  2:20  Probe  
  24  2:29  Adept  
  26  2:39  Pylon  
  26  2:40  Probe  
  26  2:52  Probe  
  27  2:59  Warp Gate  
  27  3:02  Phoenix (Chrono Boost)  
  30  3:06  Probe (Chrono Boost)  
  30  3:13  Probe (Chrono Boost)  
  32  3:22  Probe x2 (Chrono Boost)  
  35  3:28  Probe (Chrono Boost)  
  35  3:29  Probe  
  35  3:30  Twilight Council  
  35  3:32  Phoenix  
  37  3:40  Probe  
  37  3:41  Probe  
  37  3:49  Pylon  
  37  3:52  Probe  
  37  3:53  Probe  
  31  4:04  Probe  
  31  4:06  Probe (Chrono Boost)  
  33  4:16  Probe (Chrono Boost)  
  34  4:18  Probe (Chrono Boost)  
  35  4:25  Probe (Chrono Boost)  
  35  4:26  Probe (Chrono Boost)  
  35  4:30  Probe (Chrono Boost)  
  37  4:33  Probe  
  35  4:42  Probe  
  35  4:45  Probe  
  35  4:51  Robotics Facility  
  35  4:54  Probe  
  35  4:56  Stalker  
  35  4:57  Probe  
  39  5:06  Probe  
  40  5:09  Probe  
  40  5:10  Oracle (Chrono Boost)  
  44  5:18  Probe, Shield Battery  
  45  5:21  Probe  
  46  5:31  Probe  
  46  5:33  Probe  
  44  5:36  Pylon  
  44  5:37  Immortal (Chrono Boost)  
  46  5:43  Stalker  
  46  5:47  Void Ray, Shield Battery  
  46  5:48  Pylon  
  52  5:58  Pylon  
  52  6:03  Probe  
  49  6:06  Probe  
  43  6:15  Probe  
Show
View Real Time Build Order
Export as new Build Order

Nice Protoss - Winner!

Build Orders: Oracle Opening, Blink Stalkers 

Get SALT Encoding   

  12  0:00  Probe  
  13  0:12  Probe  
  14  0:19  Pylon  
  14  0:24  Probe  
  15  0:37  Probe (Chrono Boost), Gateway  
  16  0:47  Probe (Chrono Boost), Assimilator  
  17  0:52  Probe (Chrono Boost)  
  18  1:03  Probe  
  19  1:15  Probe (Chrono Boost)  
  19  1:18  Pylon, Assimilator  
  21  1:26  Cybernetics Core  
  21  1:27  Probe (Chrono Boost)  
  21  1:32  Probe (Chrono Boost)  
  21  1:36  Zealot  
  24  1:42  Probe  
  25  1:54  Probe  
  26  2:01  Adept (Chrono Boost)  
  26  2:06  Probe, Pylon  
  29  2:12  Stargate  
  29  2:18  Warp Gate  
  29  2:31  Nexus  
  29  2:33  Probe  
  30  2:45  Probe  
  31  2:55  Oracle (Chrono Boost)  
  31  3:01  Pylon  
  31  3:09  Pylon  
  31  3:16  Twilight Council  
  31  3:19  Probe  
  32  3:31  Probe  
  33  3:42  Gateway  
  33  3:43  Probe, Gateway  
  33  3:44  Probe  
  35  3:52  Blink (Chrono Boost)  
  35  3:55  Probe  
  36  3:57  Probe  
  37  4:08  Probe  
  37  4:09  Stalker  
  40  4:15  Probe  
  41  4:18  Pylon  
  41  4:20  Probe  
  42  4:27  Probe  
  43  4:32  Probe  
  43  4:33  Pylon  
  43  4:38  Stalker x3  
  50  4:39  Probe  
  50  4:44  Probe, Pylon  
  50  4:50  Assimilator  
  51  4:52  Pylon  
  51  5:02  Stalker x2  
  51  5:04  Stalker  
  51  5:05  Probe  
  51  5:07  Pylon  
  57  5:13  Probe  
  56  5:18  Probe  
  55  5:30  Stalker  
  55  5:31  Stalker x2  
  59  5:40  Probe x2  
  61  5:52  Probe  
  61  5:54  Stalker x3  
  68  5:58  Probe  
  69  6:04  Probe  
  70  6:14  Probe  
  66  6:16  Probe  
Tags
 
Add a new tag
Caveats
  • Supply blocks, unpowered buildings, or Contaminate may cause inaccurate times.
  • Supply counts are checked every 10 seconds.